 Dungeon Crawl Stone Soup version 0.25-a0-306-g3faca94807 (webtiles) character file.

Game seed: 3420480237282593403, levelgen mode: deterministic

114 DerDa the Chiller (level 4, -14/27 HPs)
             Began as an Octopode Ice Elementalist on Dec 21, 2019.
             Demolished by an ogre
             ... wielding a +0 giant club
              (32 damage)
             ... on level 3 of the Dungeon.
             The game lasted 00:05:31 (1894 turns).

DerDa the Chiller (Octopode Ice Elementalist)       Turns: 1894, Time: 00:05:31

Health: -14/27     AC:  1    Str:  7    XL:     4   Next: 97%
Magic:  3/9        EV: 13    Int: 18    God:
Gold:   92         SH:  0    Dex: 12    Spells: 6/10 levels left

rFire    . . .     SeeInvis .   h - +1 dagger (freeze)
rCold    . . .     Gourm    .   (no shield)
rNeg     . . .     Faith    .   (helmet restricted)
rPois    .         Spirit   .   (no amulet)
rElec    .         Reflect  .   (no ring)
rCorr    .         Harm     .   (no ring)
MR       .....                  (no ring)
Stlth    +++.......             (no ring)
HPRegen  0.09/turn              (no ring)
MPRegen  0.11/turn              (no ring)
                                (no ring)
                                (no ring)

@: very slightly contaminated
A: almost no armour, stealthy swim, amphibious, 8 rings, constrict 8, camouflage
1, gelatinous body 1
a: no special abilities


You were on level 3 of the Dungeon.
You were not hungry.

You visited 1 branch of the dungeon, and saw 3 of its levels.

You collected 92 gold pieces.

Inventory:

Hand Weapons
 c - a +0 club
 h - a +1 dagger of freezing (weapon)
 l - a +0 hunting sling
Missiles
 f - 70 stones (quivered)
 j - 6 curare-tipped darts
Scrolls
 a - a scroll of fear {unknown}
 d - 3 scrolls of enchant armour {unknown}
 e - a scroll of teleportation {unknown}
 n - 2 scrolls of identify {unknown}
 o - a scroll of remove curse {unknown}
Potions
 g - 2 potions of heal wounds {unknown}
 k - a potion of degeneration {unknown}
 m - a potion of might {unknown}
Comestibles
 b - 6 rations
 i - 4 chunks of flesh


   Skills:
 - Level 2.0 Dodging
 - Level 2.7 Stealth
 * Level 3.9 Spellcasting
 + Level 4.8 Ice Magic


You had 6 spell levels left.
You knew the following spells:

 Your Spells              Type           Power        Failure   Level  Hunger
a - Freeze                Ice            ###.         1%          1    None
b - Ozocubu's Armour      Chrm/Ice       ##......     17%         3    ###....

Your spell library contained the following spells:

 Spells                   Type           Power        Failure   Level  Hunger
 Hailstorm                Conj/Ice       ##......     50%         4    ####...
 Summon Ice Beast         Ice/Summ       ##......     50%         4    ####...


Dungeon Overview and Level Annotations

Branches:
Dungeon (3/15)

Altars:
Ru


Innate Abilities, Weirdness & Mutations

You cannot wear most types of armour.
You are very stealthy in the water. (Stealth+)
You are amphibious.
You can wear up to eight rings at the same time.
You can use your tentacles to constrict eight enemies at once.
Your skin changes colour to match your surroundings (Stealth+).
Your rubbery body absorbs attacks. (AC +1, EV +1)


Message History

The ogre is moderately wounded.
The ogre hits you with a +0 giant club!
Casting: Freeze (safe; 1% risk of failure)
Confirm with . or Enter, or press ? or * to list all spells.
Aiming: Freeze (safe; 1% risk of failure)
Press: ? - help, Shift-Dir - straight line, f/p - ogre
Aim: an ogre, wielding a +0 giant club (moderately wounded)
You miscast Freeze.
You are very lightly contaminated with residual magic.
You feel uncomfortably cold. The ogre closely misses you.
Casting: Freeze (safe; 1% risk of failure)
Confirm with . or Enter, or press ? or * to list all spells.
Aiming: Freeze (safe; 1% risk of failure)
Press: ? - help, Shift-Dir - straight line, f/p - ogre
Aim: an ogre, wielding a +0 giant club (moderately wounded)
You freeze the ogre!
The ogre is heavily wounded.
The ogre hits you with a +0 giant club!!
Ouch! That really hurt!
You die...

.. .... # ....# ..#.## ...
. # #.#.# #..###.#.#
#..KO@...#
##############.###
#........# #.########
#.######.# #...รท....#
#.######.#####.######.####
#........................#
#..#####.#####.######.##.#
#..# #.# #...# #.# #
#..#####.# #.....# #.#


You could see an ogre and a kobold.

Vanquished Creatures
  7 adders
  A worm (D:2)
  A dart slug (D:1)
  3 leopard geckos
  3 orcs (D:3)
  4 bats
  3 goblins
  6 hobgoblins
  2 quokkas (D:2)
  3 ball pythons
  2 frilled lizards (D:2)
  2 kobolds (D:1)
  7 rats
44 creatures vanquished.

Notes
Turn   | Place    | Note
-------+----------+-------------------------------------------
     0 | D:1      | DerDa the Octopode Ice Elementalist began the quest for the
                  | Orb.
     0 | D:1      | Reached XP level 1. HP: 11/11 MP: 3/3
   140 | D:1      | Reached XP level 2. HP: 17/17 MP: 1/5
   849 | D:2      | Reached XP level 3. HP: 21/21 MP: 7/7
  1457 | D:2      | Reached XP level 4. HP: 26/27 MP: 2/9
  1465 | D:2      | Learned a level 3 spell: Ozocubu's Armour
  1608 | D:3      | Found a sacrificial altar of Ru.
  1820 | D:3      | Noticed an ogre
  1894 | D:3      | Demolished by an ogre

Levels and vault maps discovered:
D:1:      dpeg_arrival_court, layout_loops_ring, minmay_unequal
D:2:      layout_rooms, first_ration
D:3:      layout_loops_corners, cheibriados_altar_1, old_standard_altar

Skill      XL: |  1  2  3 |
---------------+----------+-----
Spellcasting   | 3 |  3.9
Dodging        | |  2.0
Stealth        | |  2.7
Ice Magic      | |  4.8

Action                   |  1- 3 |  4- 6 || total
-------------------------+-------+-------++-------
Melee: Dagger            |    17 |    10 ||    27
       Club              |     4 |       ||     4
       Constrict         |     4 |     2 ||     6
       Tentacles         |     2 |     1 ||     3
Throw: Stone             |     1 |       ||     1
 Cast: Freeze            |    31 |    15 ||    46
       Ozocubu's Armour  |       |     1 ||     1
 Stab: Sleeping          |     7 |     4 ||    11
  Eat: Chunk             |     2 |     1 ||     3
Armor: Skin              |     4 |     4 ||     8
Dodge: Dodged            |    21 |    13 ||    34

Table legend:
 A = Non-vault XP
 B = Vault XP
 C = Vault XP percentage of total XP
 D = Non-vault monster count
 E = Vault monster count
 F = Vault count percentage of total count
                 A         B        C        D         E       F
            +---------+---------+-------+---------+---------+-------
      Total |     155 |       8 |   4.9 |      39 |       5 |  11.4
            +---------+---------+-------+---------+---------+-------
        D:1 |      21 |       8 |  27.6 |      10 |       5 |  33.3
        D:2 |      54 |       0 |   0.0 |      17 |       0 |   0.0
        D:3 |      80 |       0 |   0.0 |      12 |       0 |   0.0
            +---------+---------+-------+---------+---------+-------
